 Dungeon Crawl Stone Soup version 0.29.1-15-g9cfb28693d (webtiles) character file.

Game seed: 8276618226397819364

16 adizb the Trooper (level 2, 0/27 HPs)
             Began as a Draconian Fighter on Apr 23, 2023.
             Slain by a kobold
             ... wielding a +0 whip
              (5 damage)
             ... on level 1 of the Dungeon.
             The game lasted 00:01:23 (192 turns).

adizb the Trooper (Draconian Fighter)                Turns: 192, Time: 00:01:24

Health: 0/27       AC:  4    Str: 18    XL:     2   Next: 37%
Magic:  2/2        EV: 11    Int:  8    God:
Gold:   12         SH:  4    Dex: 10    Spells: 1/1 levels left

rFire   . . .      SeeInvis .   a - +0 flail
rCold   . . .      Faith    .   b - +0 buckler
rNeg    . . .      Spirit   .   (body armour unavailable)
rPois   .          Reflect  .   (helmet restricted)
rElec   .          Harm     .   (no cloak)
rCorr   .          Rampage  .   (no gloves)
Will    .....                   (no boots)
Stlth   +.........              (no amulet)
HPRegen 0.09/turn               (no ring)
MPRegen 0.08/turn               (no ring)

@: no status effects
A: AC +4, unfitting armour, cold-blooded
a: no special abilities


You were on level 1 of the Dungeon.
You visited 1 branch of the dungeon, and saw 1 of its levels.

You collected 12 gold pieces.

Inventory:

Hand Weapons
 a - a +0 flail (weapon)
Armour
 b - a +0 buckler (worn)
Scrolls
 g - a scroll of identify {unknown}
Potions
 c - a potion of might
 e - a potion of curing {unknown}
 f - a potion of ambrosia {unknown}


   Skills:
 * Level 3.8 Fighting
 + Level 2.3 Maces & Flails
 - Level 2.6 Dodging
 + Level 3.2 Shields


You had one spell level left.
You didn't know any spells.
Your spell library contained the following spells:

 Spells                   Type           Power      Damage    Failure   Level
 Magic Dart               Conj           0%         1d3       50%         1
 Searing Ray              Conj           0%         2d4       65%         2
 Fulminant Prism          Conj/Hex       0%         3d6       99%         4


Dungeon Overview and Level Annotations

Branches:
Dungeon (1/15)

Altars:


Innate Abilities, Weirdness & Mutations

Your plain brown scales are hard. (AC +4)
You cannot fit into any form of body armour.
You are cold-blooded and may be slowed by cold attacks.


Message History

Aim: a gnoll, wielding a +0 spear (60% to hit)
You throw a throwing net.
The throwing net barely misses the gnoll.
The throwing net closely misses the quokka.
The gnoll hits you with a +0 spear!
You hit the gnoll.
The gnoll is heavily wounded.
The gnoll hits you with a +0 spear.
* * * LOW HITPOINT WARNING * * *
You hit the gnoll but do no damage.
The gnoll is heavily wounded.
The gnoll closely misses you. x2
You barely miss the gnoll.
Your tail-slap misses the gnoll.
The gnoll is heavily wounded.
The gnoll hits you with a +0 spear.
* * * LOW HITPOINT WARNING * * *
You closely miss the gnoll.
Your tail-slap misses the gnoll.
The gnoll is heavily wounded.
The gnoll closely misses you.
You hit the gnoll.
Your tail-slap misses the gnoll.
The gnoll is severely wounded.
The gnoll closely misses you.
You sock the gnoll!
You kill the gnoll!
You have reached level 2!
You closely miss the quokka.
The quokka bites you but does no damage.
You block the quokka's attack.
You sock the quokka!
You kill the quokka!
The kobold shouts!
Things that are here:
a +0 spear; a gnoll corpse
Things that are here:
a +0 spear; a gnoll corpse The kobold throws a stone.
The stone closely misses you.
The kobold throws a stone.
The stone barely misses you.
You closely miss the kobold. The kobold closely misses you.
The kobold hits you with a +0 whip.
You die...

#....#########
#............#
#.#.#.#.#....###
##..............#
#.#.#.#.#.#...#.#
##.............#K# #
#.#.#.#.#.#.#.##.#
###.............##)#
##.#.#.#.#.#.#.#@#.#.#.##
###..............K(.......
##..#.#.#.#.#.#...##.#.###
..................# .#
...#.#.#.#.#.#....# #
.####.............. .#
.#.#.#.#...... .# #.....
.......# .## .##.
........#


You could see a kobold.

Vanquished Creatures
  A gnoll (D:1)
  3 hobgoblins (D:1)
  A quokka (D:1)
  A ball python (D:1)
6 creatures vanquished.

Notes
Turn   | Place    | Note
-------+----------+-------------------------------------------
     0 | D:1      | adizb the Draconian Fighter began the quest for the Orb.
     0 | D:1      | Reached XP level 1. HP: 19/19 MP: 1/1
   173 | D:1      | Reached XP level 2. HP: 3/27 MP: 2/2
   192 | D:1      | Slain by a kobold

Illustrated notes

Levels and vault maps discovered:
D:1:      sevenhm_arrival_forest_fort_small_4, layout_basic,
          hellmonk_ecumenical_altar_inner_sanctum, hex_medium,
          dreamdust_princess_corridor, minmay_pentomino_q4

Action                   || total
-------------------------++-------
Melee: Flail             ||    21
       Tailslap          ||     1
Throw: Throwing net      ||     2
Armor: Skin              ||     3
Dodge: Dodged            ||    18
Block: Buckler           ||     2
